 Dungeon Crawl Stone Soup version 0.26-b1-32-g5d43845318 (webtiles) character file.

Game seed: 13987713443884853122

221 raceaflais the Gusty (level 5, -2/28 HPs)
             Began as a Tengu Air Elementalist on Jan 4, 2021.
             Killed by nerve-wracking pain
             ... invoked by Menkaure
              (9 damage)
             ... on level 4 of the Dungeon.
             The game lasted 00:14:58 (4325 turns).

raceaflais the Gusty (Tengu Air Elementalist)       Turns: 4325, Time: 00:14:59

Health: -2/28      AC:  4    Str:  9    XL:     5   Next: 98%
Magic:  5/10       EV: 13    Int: 16    God:
Gold:   64         SH:  0    Dex: 20    Spells: 9/10 levels left

rFire    . . .     SeeInvis +   k - +2 dagger (speed)
rCold    . . .     Faith    .   (no shield)
rNeg     . . .     Spirit   .   a - +0 robe
rPois    +         Reflect  .   (helmet restricted)
rElec    .         Harm     .   (no cloak)
rCorr    .         Rampage  .   (no gloves)
Will     .....                  (boots unavailable)
Stlth    ++........             h - amulet of regeneration
HPRegen  0.49/turn              b - ring of see invisible
MPRegen  0.12/turn              r - +6 ring of dexterity

@: brilliant, very slightly contaminated, invisible
A: beak, talons 3, icy blue scales 1, poison resistance, MP-powered wands, able
to fly
a: Fly


You were on level 4 of the Dungeon.
You visited 1 branch of the dungeon, and saw 4 of its levels.

You collected 64 gold pieces.

Inventory:

Hand Weapons
 k - a +2 dagger of speed (weapon)
Missiles
 d - 35 poisoned darts (quivered)
 g - 49 arrows
 l - 19 sling bullets
 p - 6 javelins
Armour
 a - a +0 robe (worn)
 e - a +0 helmet
Jewellery
 b - a ring of see invisible (left hand)
 h - an amulet of regeneration (around neck)
 r - a +6 ring of dexterity (right hand)
Wands
 s - a wand of digging (7)
 t - a wand of acid (17)
Scrolls
 c - 5 scrolls of remove curse
 q - a scroll of amnesia
Potions
 i - a potion of invisibility
 o - a potion of cancellation


   Skills:
 + Level 0.1 Fighting
 + Level 0.1 Short Blades
 + Level 0.9 Throwing
 + Level 2.5 Dodging
 + Level 2.3 Stealth
 + Level 3.2 Spellcasting
 + Level 4.0 Conjurations
 + Level 5.8 Air Magic


You had 9 spell levels left.
You knew the following spells:

 Your Spells              Type           Power        Failure   Level
a - Shock                 Conj/Air       100%         2%          1

Your spell library contained the following spells:

 Spells                   Type           Power        Failure   Level
 Swiftness                Air            31%          2%          2
 Static Discharge         Conj/Air       27%          8%          3
 Airstrike                Air            15%          17%         4
 Lightning Bolt           Conj/Air       13%          56%         5


Dungeon Overview and Level Annotations

Branches:
Dungeon (4/15)
 Temple: D:4-7

Altars:
Trog

Annotations:
D:4 Menkaure


Innate Abilities, Weirdness & Mutations

You have a beak for a mouth.
You have claws for feet.
You can fly continuously.
You are partially covered in icy blue scales. (AC +2)
Your system is resistant to poisons. (rPois)
You expend magic power (3 MP) to strengthen your wands.


Message History

You feel a surge of power!
The zap hits Menkaure.
Menkaure is moderately damaged.
The zap hits Menkaure.
Menkaure is heavily damaged.
The zap hits the orc priest.
The orc priest is almost dead.
Menkaure hits you. Menkaure barely misses you.
Menkaure gestures at you while chanting.
Pain shoots through your body!
Menkaure calls on the powers of darkness!
Your body is wracked with pain!
* * * LOW HITPOINT WARNING * * *
Menkaure's bandages flutter.
Menkaure calls on the powers of darkness!
Your body is wracked with pain!
* * * LOW HITPOINT WARNING * * *
The orc priest shouts!
Menkaure points at you and mumbles some strange words.
Pain shoots through your body!
You die...

......†.#.#.....#.# ..
#.#.#.#...#.#...#.# ..
..........#.....#.# ..
..##..#...#.....#.# #..
†........##.###.#.# ..(
#######..##.# #.#.# ##.).
#.....###.#.# #.)..
#.#.........###########)#
#...≈≈≈≈§≈@..M.......o..###
##..≈§≈≈≈§.................
#..§§§_≈§.################
#..§§8.≈≈... ##.§§§§§§.###
#.§§≈≈≈≈.# #........#
########


You could see Menkaure (fast).

Vanquished Creatures
  4 orc wizards
  A hound skeleton (D:3)
  3 adders
  An ooze (D:3)
  2 worms
  4 leopard geckos
  4 orcs
  9 bats
  2 giant cockroaches
  4 goblins
  16 hobgoblins
  3 jackals (D:2)
  5 kobolds
  A quokka (D:3)
  2 frilled lizards (D:2)
  4 rats
65 creatures vanquished.

Notes
Turn   | Place    | Note
-------+----------+-------------------------------------------
     0 | D:1      | raceaflais the Tengu Air Elementalist began the quest for
                  | the Orb.
     0 | D:1      | Reached XP level 1. HP: 10/10 MP: 4/4
   256 | D:1      | Reached XP level 2. HP: 15/15 MP: 3/6
  1076 | D:2      | Reached XP level 3. HP: 18/19 MP: 3/7
  1503 | D:2      | Reached skill level 5 in Air Magic
  2633 | D:2      | Reached XP level 4. HP: 24/24 MP: 7/9
  3603 | D:3      | Gained mutation: You can fly continuously. [Tengu growth]
  3603 | D:3      | Reached XP level 5. HP: 28/28 MP: 5/10
  4240 | D:4      | Found a bloodstained altar of Trog.
  4300 | D:4      | Gained mutation: Your system is resistant to poisons.
                  | (rPois) [potion of mutation]
  4300 | D:4      | Gained mutation: You expend magic power (3 MP) to
                  | strengthen your wands. [potion of mutation]
  4300 | D:4      | Gained mutation: You are partially covered in icy blue
                  | scales. (AC +2) [potion of mutation]
  4304 | D:4      | Noticed Menkaure
  4325 | D:4      | Killed from afar by Menkaure

Illustrated notes

Levels and vault maps discovered:
D:1:      dpeg_arrival_renting, layout_loops_ring
D:2:      layout_loops_cross
D:3:      layout_loops_cross
D:4:      layout_basic, lemuel_doored_altar, nicolae_dithmenos_shadow_blocks,
          general_overflow_altar, lemuel_coloured_pillars_altar,
          nicolae_overflow_hidden_temple, serial_glass, glass_columns_a,
          glass_columns_c, due_unseen_surprise, feat_on_display, uniq_menkaure

Skill      XL: |  1  2  3  4  5 |
---------------+----------------+-----
Air Magic      | 5 |  5.8
Conjurations   | 2 4 |  4.0
Spellcasting   | 3 |  3.2
Fighting       | |  0.1
Short Blades   | |  0.1
Throwing       | |  0.9
Dodging        | |  2.5
Stealth        | |  2.3

Action                   |  1- 3 |  4- 6 || total
-------------------------+-------+-------++-------
Melee: Unarmed           |     4 |       ||     4
       Peck              |     1 |     2 ||     3
       Kick              |     1 |     2 ||     3
       Short sword       |     1 |       ||     1
       Dagger            |       |     8 ||     8
Throw: Dart              |     6 |     3 ||     9
 Cast: Shock             |    61 |    78 ||   139
  Use: Scroll            |     5 |     1 ||     6
       Potion            |     1 |     6 ||     7
Armor: Robe              |    11 |     2 ||    13
Dodge: Dodged            |    26 |    23 ||    49
